 Dungeon Crawl Stone Soup version 0.15-a0-60-g2d7d1c5 (webtiles) character file.

614 4tharraofdagon the Cudgeler (level 6, 7/59 HPs)
             Began as a Troll Fighter on Apr 6, 2014.
             Quit the game on Level 6 of the Dungeon.
             The game lasted 00:05:32 (1140 turns).

4tharraofdagon the Cudgeler (Troll Fighter)         Turns: 1140, Time: 00:05:32

HP   7/59        AC  5     Str 25      XL: 6   Next: 89%
MP   5/5         EV  8     Int 11      God:
Gold 127         SH  0     Dex  9      Spells:  1 memorised,  6 levels left

rFire  . . .     SeeInvis .     a - +0 flail
rCold  . . .     Clarity  .     b - +0 robe
rNeg   . . .     Conserve .     c - +0 shield
rPois  .         rCorr    .     (helmet restricted)
rElec  .         rRot     .     (no cloak)
SustAb . .       Spirit   .     (gloves unavailable)
rMut   .         Warding  .     (boots unavailable)
Gourm  +         Stasis   .     (no amulet)
MR     +....                    (no ring)
                                e - ring of protection from magic {unknown}

@: invisible, confused, brilliant, very slightly contaminated, somewhat
resistant to hostile enchantments, extremely unstealthy
A: unfitting armour, claws 3, fast metabolism 3, gourmand, regeneration 2,
saprovore 2, shaggy fur 1, tough skin 2
a: no special abilities


You were on level 6 of the Dungeon.
You were very full.

You visited 1 branch of the dungeon, and saw 6 of its levels.

You collected 127 gold pieces.

Inventory:

Hand weapons
 a - a +0,+0 flail (weapon)
Missiles
 u - 26 darts (quivered)
Armour
 b - a +0 robe (worn)
 c - a +0 shield (worn)
Comestibles
 d - 4 meat rations
 j - 2 bread rations
 n - an apple
 x - a chunk of iguana flesh
Scrolls
 f - a scroll of random uselessness {unknown}
 g - a scroll of identify {unknown}
 h - 3 scrolls of fear {unknown}
 i - 2 scrolls of amnesia {unknown}
 k - 2 scrolls of enchant weapon II {unknown}
 l - 3 scrolls of remove curse {unknown}
 p - a scroll of noise {unknown}
 r - 2 scrolls of enchant armour {unknown}
 s - a scroll of recharging {unknown}
 t - a scroll of teleportation {unknown}
 w - a scroll of fog {unknown}
Jewellery
 e - a ring of protection from magic (left claw) {unknown}
Potions
 m - a potion of brilliance
 o - 2 potions of confusion
Books
 q - a book of Burglary

   Spells                             Type                      Level
   *Apportation                       Translocation                1
   Swiftness                          Charms/Air                   2
   Passwall                           Transmutation/Earth          3
   Passage of Golubria                Translocation                4
   Lee's Rapid Deconstruction         Earth                        5
   Darkness                           Hexes                        7


   Skills:
 - Level 2.4 Fighting
 * Level 6.1 Maces & Flails
 - Level 2.4 Dodging
 - Level 2.4 Shields
 + Level 1.2 Spellcasting
 + Level 1.2 Translocations


You had 6 spell levels left.
You knew the following spells:

 Your Spells              Type           Power        Failure   Level  Hunger
a - Apportation           Tloc           #.........   11%         1    ##.....


Dungeon Overview and Level Annotations

Branches:
Dungeon (6/15)
 Temple: D:4-7

Altars:
Ashenzari

Annotations:
D:6 Eustachio


Innate Abilities, Weirdness & Mutations

You are too large for most types of armour.
You have claws for hands.
Your metabolism is lightning-fast.
You like to eat raw meat.
You heal very quickly.
You can eat rotten meat.
You are covered in fur (AC +1).
You have very tough skin (AC +2).


Message History

It was a potion of invisibility.
The quasit disappears in a puff of smoke!
The white imp disappears in a puff of smoke!
The quasit closely misses you. The quasit barely misses you.
The quasit closely misses you. The rat closely misses you.
The giant gecko completely misses you. The iron imp hits you!
* * * LOW HITPOINT WARNING * * *
You are very lightly contaminated with residual magic.
Unknown command.
Drink which item? (? for menu, Esc to quit)
You feel clever all of a sudden.
It was a potion of brilliance.
The quasit completely misses you.
The quasit claws you but does no damage.
The quasit closely misses you.
The giant gecko bites you but does no damage.
The rat closely misses you. The quasit completely misses you.
The quasit closely misses you.
The quasit claws you but does no damage.
Unknown command.
Are you sure you want to abandon this character and quit the game? (Confirm with "yes".)

#...........# #...........#
#...........# #...........#
#...........# #...........#
#.5..)......# #.5@........#
###############r@.........#
...............l5r..........
................r...........
...........)...............
..........................
.........................
........................
.......................
######################


You could see Eustachio, an iron imp, a quasit, a white imp, a giant gecko and 3
rats.

Vanquished Creatures
  An ice beast (D:5)
  An ogre (D:5)
  A jelly (D:6)
  A crimson imp (D:5)
  A hound (D:6)
  5 worker ants
  An iguana (D:6)
  2 adders
  A green rat (D:6)
  4 worms
  2 giant geckos (D:2)
  An orc (D:5)
  A ball python (D:1)
  2 giant cockroaches (D:1)
  5 goblins
  3 hobgoblins
  6 bats
  A giant newt (D:4)
  A giant newt skeleton (D:5)
  4 jackals (D:5)
  4 kobolds
  A quokka (D:5)
  7 rats
  A rat skeleton (D:5)
57 creatures vanquished.

Notes
Turn   | Place    | Note
--------------------------------------------------------------
     0 | D:1      | 4tharraofdagon, the Troll Fighter, began the quest for the Orb.
     0 | D:1      | Reached XP level 1. HP: 22/22 MP: 1/1
   111 | D:1      | Reached XP level 2. HP: 29/29 MP: 1/1
   283 | D:2      | Reached skill level 3 in Maces & Flails
   370 | D:2      | Reached XP level 3. HP: 36/36 MP: 2/2
   441 | D:3      | Reached XP level 4. HP: 33/44 MP: 2/2
   491 | D:4      | Found a shattered altar of Ashenzari.
   570 | D:4      | Reached skill level 4 in Maces & Flails
   624 | D:5      | Entered Level 5 of the Dungeon
   624 | D:5      | Noticed an ogre
   634 | D:5      | HP: 1/44 [ogre/giant club (15)]
   635 | D:5      | Killed an ogre
   635 | D:5      | Reached skill level 5 in Maces & Flails
   635 | D:5      | Reached XP level 5. HP: 1/50 MP: 2/2
   647 | D:5      | Learned a level 1 spell: Apportation
   810 | D:5      | Noticed an ice beast
   817 | D:5      | Killed an ice beast
   817 | D:5      | Reached XP level 6. HP: 40/59 MP: 3/3
   827 | D:5      | Reached skill level 1 in Translocations
   930 | D:6      | Reached skill level 6 in Maces & Flails
   930 | D:6      | Reached skill level 1 in Spellcasting
  1052 | D:6      | Noticed Eustachio
  1140 | D:6      | Quit the game

Action                   |  1- 3 |  4- 6 || total
-------------------------+-------+-------++-------
Melee: Flail             |    82 |   117 ||   199
       Unarmed           |       |     5 ||     5
  Use: Potion            |     2 |     4 ||     6
